 Dungeon Crawl Stone Soup version 0.25.1-8-g42b30a86e7 (webtiles) character file.

Game seed: 11313119997439550901

31 H0rd4k the Magician (level 3, 0/19 HPs)
             Began as a Deep Elf Wizard on Dec 11, 2020.
             Slain by an adder (2 damage)
             ... on level 1 of the Dungeon.
             The game lasted 00:02:05 (2046 turns).

H0rd4k the Magician (Deep Elf Wizard)               Turns: 2046, Time: 00:02:07

Health: 0/19       AC:  2    Str:  4    XL:     3   Next: 7%
Magic:  9/12       EV: 13    Int: 23    God:
Gold:   31         SH:  0    Dex: 13    Spells: 4/13 levels left

rFire    . . .     SeeInvis .   (no weapon)
rCold    . . .     Gourm    .   (no shield)
rNeg     . . .     Faith    .   a - +0 robe
rPois    .         Spirit   .   b - +0 hat
rElec    .         Reflect  .   (no cloak)
rCorr    .         Harm     .   (no gloves)
MR       .....                  (no boots)
Stlth    ++........             (no amulet)
HPRegen  0.06/turn              (no ring)
MPRegen  0.13/turn              (no ring)

@: lethally poisoned (0 -> -9), very slightly contaminated
A: no striking features
a: no special abilities


You were on level 1 of the Dungeon.
You were not hungry.

You visited 1 branch of the dungeon, and saw 2 of its levels.

You collected 31 gold pieces.

Inventory:

Missiles
 e - 12 poisoned darts (quivered)
Armour
 a - a +0 robe (worn)
 b - a +0 hat (worn)
Jewellery
 c - an uncursed ring of poison resistance {unknown}
 j - an uncursed ring of protection from magic {unknown}
Scrolls
 g - 4 scrolls of identify {unknown}
 h - a scroll of fear {unknown}
 i - a scroll of noise {unknown}
Comestibles
 d - 3 rations


   Skills:
 + Level 2.6 Dodging
 + Level 2.4 Stealth
 + Level 5.7 Spellcasting
 + Level 1.4 Conjurations
   Level 1.1 Summonings
 + Level 1.1 Translocations


You had 4 spell levels left.
You knew the following spells:

 Your Spells              Type           Power        Failure   Level  Hunger
a - Magic Dart            Conj           ##..         4%          1    None
b - Blink                 Tloc           N/A          9%          2    None
c - Conjure Flame         Conj/Fire      #.......     21%         3    #......
d - Mephitic Cloud        Conj/Pois/Air  #.......     22%         3    #......

Your spell library contained the following spells:

 Spells                   Type           Power        Failure   Level  Hunger
 Call Imp                 Summ           ##......     9%          2    None
 Slow                     Hex            #.......     13%         2    None


Dungeon Overview and Level Annotations

Branches:
Dungeon (2/15)

Altars:

Annotations:
D:1 exclusion: downstairs


Message History

Press: ? - help, Shift-Dir - straight line, f/p - adder
Aim: an adder (moderately wounded)
You miscast Magic Dart.
You are very lightly contaminated with residual magic.
Nothing appears to happen.
The adder bites you.
You are lethally poisoned!
The adder poisons you!
Casting: Magic Dart (safe; 4% risk of failure)
Confirm with . or Enter, or press ? or * to list all spells.
Aiming: Magic Dart (safe; 4% risk of failure)
Press: ? - help, Shift-Dir - straight line, f/p - adder
Aim: an adder (moderately wounded)
The magic dart hits the adder.
The adder is severely wounded.
* * * LOW HITPOINT WARNING * * *
You feel sick. The adder bites you.
* * * LOW HITPOINT WARNING * * *
You are more poisoned.
The adder poisons you! The adder bites you.
You die...

#######################
#...................... ######
#.##################### .....###
#.# # ......(# #.# ########### #
.......# #.# #.........# #
.......####.#######.........# #
..).............@Sg>........# #
####.######.#######.........# #
#.# #.# #.######### #
####.######.#######.# #
....................# #
###########.######..# #
............# #..## #
..........### ##..############
........#.#########........[.....


You could see an adder and a hobgoblin.

Vanquished Creatures
  A dart slug (D:1)
  6 goblins (D:1)
  A hobgoblin (D:1)
  4 jackals (D:1)
  A kobold (D:1)
  2 ball pythons (D:1)
  7 bats (D:1)
  4 frilled lizards (D:1)
  A giant cockroach zombie (D:1)
  A leopard gecko zombie (D:1)
28 creatures vanquished.

Notes
Turn   | Place    | Note
-------+----------+-------------------------------------------
     0 | D:1      | H0rd4k the Deep Elf Wizard began the quest for the Orb.
     0 | D:1      | Reached XP level 1. HP: 10/10 MP: 7/7
   312 | D:1      | Reached skill level 5 in Spellcasting
   355 | D:1      | Reached XP level 2. HP: 15/15 MP: 6/10
  1362 | D:1      | Reached XP level 3. HP: 1/19 MP: 2/12
  1366 | D:1      | Learned a level 2 spell: Blink
  1370 | D:1      | Learned a level 3 spell: Conjure Flame
  1374 | D:1      | Learned a level 3 spell: Mephitic Cloud
  2046 | D:1      | Slain by an adder

Illustrated notes

Levels and vault maps discovered:
D:1:      saegor_arrival_fortress, layout_basic
D:2:      kennysheep_the_goblin_king, layout_loops_ring, vehumet_crystals,
          fedhas_ov_isle_minmay

Skill      XL: |  1 |
---------------+----+-----
Spellcasting   | 5 |  5.7
Dodging        | |  2.6
Stealth        | |  2.4
Conjurations   | |  1.4
Summonings     | |  1.1
Translocations | |  1.1

Action                   || total
-------------------------++-------
Melee: Unarmed           ||     1
Throw: Dart              ||    12
 Cast: Magic Dart        ||    75
  Eat: Chunk             ||     1
       Ration            ||     1
Armor: Robe              ||     6
Dodge: Dodged            ||    32
